 Dungeon Crawl Stone Soup version 0.32-a0-699-g1ee5eff69a (webtiles) character file.

Game seed: 15823573080256481049

384 smashvw the Cutter (level 6, -4/35 HPs)
             Began as a Vine Stalker Berserker on Mar 14, 2024.
             Was a Believer of Trog.
             Slain by an ogre
             ... wielding a +0 giant club
              (17 damage)
             ... on level 5 of the Dungeon.
             The game lasted 00:06:53 (3263 turns).

smashvw the Cutter (Vine Stalker Berserker)         Turns: 3263, Time: 00:06:53

Health: -4/35      AC:  9    Str: 19    XL:     6   Next: 77%
Magic:  0/7        EV:  7    Int:  7    God:    Trog [**....]
Gold:   182        SH:  0    Dex: 16    Spells: 5/5 levels left

rFire   . . .        a - +0 short sword
rCold   . . .        (no shield)
rNeg    . . .        r - +0 chain mail
rPois   .            u - +0 helmet
rElec   .            (no cloak)
rCorr   +            (no gloves)
SInv    .            (no boots)
Will    .....        (no amulet) Stlth
                     q - ring of resist corrosion
HPRegen 1.05/turn    (no ring)
MPRegen 0.10/turn

%: guardian spirit
@: no status effects
A: fangs 2, regeneration 1, magic shield, antimagic bite, no potion heal 2
a: Renounce Religion, Berserk, Trog's Hand


You were on level 5 of the Dungeon.
You worshipped Trog.
Trog was pleased with you.
You visited 1 branch of the dungeon, and saw 5 of its levels.

You collected 182 gold pieces.

Inventory:

Hand Weapons
 a - a +0 short sword (weapon)
Armour
 r - a +0 chain mail (worn)
 u - a +0 helmet (worn)
Jewellery
 q - a ring of resist corrosion (left hand)
Wands
 o - a wand of mindburst (16)
 s - a wand of iceblast (13)
Scrolls
 c - 3 scrolls of teleportation
 e - 3 scrolls of vulnerability
 f - a scroll of fog
 g - 2 scrolls of amnesia
 i - 3 scrolls of blinking {unknown}
 j - 2 scrolls of immolation {unknown}
 l - a scroll of noise
 m - a scroll of poison {unknown}
 t - a scroll of acquirement {unknown}
Potions
 d - 2 potions of heal wounds
 h - 2 potions of cancellation {unknown}
 k - 3 potions of brilliance {unknown}
 n - a potion of degeneration {unknown}
 p - 3 potions of curing {unknown}


   Skills:
 + Level 5.1 Fighting
 + Level 5.1 Short Blades
 - Level 1.5 Armour
 - Level 1.5 Dodging


You had 5 spell levels left.
You didn't know any spells.
Your spell library was empty.

Dungeon Overview and Level Annotations

Branches:
Dungeon (5/15)
 Temple: D:4-7

Altars:
Nemelex Xobeh

Shops:
D:1 (   D:3 =(=

Annotations:
D:3 1 runed translucent door, Crazy Yiuf
D:4 1 runed translucent door, IdlyInterested's ghost, amateur DsGl


Innate Abilities, Weirdness & Mutations

You have extremely sharp teeth.
Your natural rate of healing is unusually fast.
When hurt, damage is shared between your health and your magic reserves.
Your bite disrupts and absorbs the magic of your enemies.
Potions cannot restore your health.


Message History

The orc throws a boomerang.
The boomerang hits you.
Items here: ( )) [ ††.
You hit the orc. You bite the orc.
You kill the orc!
Trog accepts your kill.
Calm down first, please.
You start resting.
You feel a strong urge to attack something.
You start resting.
You are no longer berserk.
You are exhausted.
You feel yourself slow down.
You hear the slow hiss of a distant avalanche of sand.
HP restored.
Magic restored.
You feel yourself speed up.
You recover from your berserk rage.
You open the door.
An ogre comes into view. It is wielding a +0 giant club.
The ogre shouts!
You hit the ogre.
The ogre is lightly wounded.
The ogre hits you with a +0 giant club.
You hit the ogre. Your bite misses the ogre.
The ogre is lightly wounded.
You hit the ogre.
The ogre is moderately wounded.
The ogre hits you with a +0 giant club!
You hit the ogre. You bite the ogre. You drain its power.
You feel invigorated.
The ogre is severely wounded.
You hit the ogre.
The ogre is severely wounded.
The ogre hits you with a +0 giant club!
You hit the ogre but do no damage.
The ogre is severely wounded.
You hear the slow hiss of an avalanche of sand nearby.
You hit the ogre but do no damage.
The ogre is severely wounded.
The ogre hits you with a +0 giant club!!
You die...

#......).##### #.
#............###....
#...................
.........###.###....
#........###.# .
..........##.#
##.......###.#
###.........#
####@###### #O# #'#
... ..... .......
.........
+..........
#..........#


You could see an ogre.

Vanquished Creatures
  A scorpion (D:4)
  A howler monkey (D:4)
  A bombardier beetle (D:5)
  2 orc priests (D:5)
  Jessica (D:3)
  Ijyb (D:3)
  An orc wizard (D:5)
  An iguana (D:5)
  3 adders (D:2)
  A ribbon worm (D:2)
  A dart slug (D:1)
  6 orcs
  4 ball pythons
  5 bats
  6 endoplasms
  3 giant cockroaches
  4 hobgoblins
  3 quokkas
  3 frilled lizards
  7 goblins
  7 kobolds
  4 rats
66 creatures vanquished.

Notes
Turn   | Place    | Note
-------+----------+-------------------------------------------
     0 | D:1      | smashvw the Vine Stalker Berserker began the quest for the
                  | Orb.
     0 | D:1      | Reached XP level 1. HP: 11/11 MP: 2/2
    43 | D:1      | Found Aduyrroz's Antique Weapon Shoppe.
   338 | D:1      | Reached XP level 2. HP: 16/16 MP: 3/3
  1136 | D:2      | Reached XP level 3. HP: 18/20 MP: 1/4
  1224 | D:2      | Reached ** piety under Trog
  1271 | D:2      | Found a sparkling altar of Nemelex Xobeh.
  1427 | D:2      | Reached XP level 4. HP: 25/25 MP: 5/5
  1765 | D:2      | Found a faded altar of an unknown god.
  1894 | D:3      | Noticed Ijyb
  1906 | D:3      | Killed Ijyb
  2006 | D:3      | Noticed Jessica
  2011 | D:3      | Killed Jessica
  2020 | D:3      | Found Kuxoxeraup's Jewellery Boutique.
  2047 | D:3      | Found Oqinn's Weapon Shop.
  2069 | D:3      | Reached XP level 5. HP: 29/29 MP: 6/6
  2128 | D:3      | Found Keqe's Jewellery Shop.
  2376 | D:3      | Found a runed translucent door.
  2377 | D:3      | Noticed Crazy Yiuf
  2465 | D:4      | Found a runed translucent door.
  2465 | D:4      | Noticed IdlyInterested's ghost (amateur DsGl)
  2753 | D:4      | Reached XP level 6. HP: 34/34 MP: 7/7
  3106 | D:5      | Entered Level 5 of the Dungeon
  3206 | D:5      | Reached skill level 5 in Fighting
  3206 | D:5      | Reached skill level 5 in Short Blades
  3263 | D:5      | Slain by an ogre

Illustrated notes

Levels and vault maps discovered:
D:1:      sevenhm_arrival_forest_fort_small_4, layout_basic, serial_shops,
          nicolae_shop_advertising_works [nicolae_subvault_shop_adworks],
          st_stairs_9
D:2:      layout_basic, shapermc_ecumenical_altar_hornbeckon, basic_altar
D:3:      layout_rooms, serial_shops, nicolae_square_shop,
          nicolae_shop_waterfront, nicolae_lakefront_shop, chequers_mini_garden,
          uniq_jessica, uniq_crazy_yiuf_cottage, uniq_ijyb
D:4:      layout_cave_pools, hellmonk_ghost_happy_afterlife,
          dreamdust_princess_bridge, nicolae_houndstooth_variations
D:5:      layout_loops_corners, nicolae_ossuary_entry_false_entrances

Skill      XL: |  1  2  3  4  5  6 |
---------------+-------------------+-----
Fighting       | 3 4 5 |  5.1
Short Blades   | 3 4 5 |  5.1
Armour         | |  1.5
Dodging        | |  1.5

Action                     |  1- 3 |  4- 6 || total
---------------------------+-------+-------++-------
  Melee: Short sword       |   135 |   137 ||   272
         Bite              |    31 |    45 ||    76
 Invoke: Berserk           |       |     2 ||     2
    Use: Scroll            |       |     6 ||     6
   Stab: Sleeping          |     3 |     1 ||     4
 Armour: Animal skin       |    89 |    32 ||   121
         Chain mail        |       |    80 ||    80
  Dodge: Dodged            |    70 |    50 ||   120

Table legend: (Time is in decaauts)
 A = Elapsed time spent in this place.
 B = Non-inter-level travel time spent in this place.
 C = Inter-level travel time spent in this place.
 D = Time resting spent in this place.
 E = Time spent auto-exploring this place.
 F = Levels seen in this place.
 G = Mean time per level.
                   A        B        C        D        E       F      G
               +--------+--------+--------+--------+--------+-----+--------+
         Total |   3246 |   3122 |    124 |     45 |   2534 |   5 |  649.2 |
       Dungeon |   3246 |   3122 |    124 |     45 |   2534 |   5 |  649.2 |
               +--------+--------+--------+--------+--------+-----+--------+

Top non-repeatable levels by time:
     D:1: 1102 daAuts
     D:2: 789 daAuts
     D:4: 676 daAuts
     D:3: 531 daAuts
     D:5: 147 daAuts
